 Dungeon Crawl Stone Soup version 0.29.1-13-g9f3cf754e1 (webtiles) character file.

Game seed: 15555577519322855834

37 sircluck the Covered (level 3, -4/24 (33) HPs)
             Began as a Meteoran Fighter on Jan 24, 2023.
             Killed from afar by Sigmund (7 damage)
             ... with a puff of flame
             ... on level 2 of the Dungeon.
             The game lasted 00:04:32 (812 turns).

sircluck the Covered (Meteoran Fighter)              Turns: 812, Time: 00:04:32

HP:   -4/24 (33)    AC:  7    Str: 19    XL:     3   Next: 88%
MP:   4/4           EV:  9    Int:  9    God:
Gold: 29            SH:  5    Dex: 14    Spells: 2/2 levels left

rFire   . . .      SeeInvis .   a - +0 long sword
rCold   . . .      Faith    .   c - +0 buckler
rNeg    . . .      Spirit   .   b - +0 scale mail
rPois   .          Reflect  .   (no helmet)
rElec   .          Harm     .   (no cloak)
rCorr   .          Rampage  .   (no gloves)
Will    .....                   (no boots)
Stlth   ..........              (no amulet)
HPRegen 0.08/turn               (no ring)
MPRegen 0.09/turn               (no ring)

@: glowing, very heavily drained
A: sense surroundings 1, otherworldly, glowing, explore regen
a: no special abilities


You were on level 2 of the Dungeon.
You visited 1 branch of the dungeon, and saw 2 of its levels.

You collected 29 gold pieces.

Inventory:

Hand Weapons
 a - a +0 long sword (weapon)
 k - a +0 club
 u - a +0 whip
Missiles
 f - 6 boomerangs (quivered)
 i - 27 stones
Armour
 b - a +0 scale mail (worn)
 c - a +0 buckler (worn)
Magical Staves
 h - a staff of earth
Jewellery
 t - a ring of fire
Scrolls
 e - a scroll of noise {unknown}
 g - 2 scrolls of vulnerability {unknown}
 j - a scroll of blinking {unknown}
 n - a scroll of acquirement {unknown}
 o - a scroll of enchant weapon {unknown}
 p - a scroll of fear {unknown}
 r - a scroll of identify {unknown}
Potions
 d - a potion of might
 l - a potion of mutation {unknown}
 m - a potion of flight {unknown}
 q - 3 potions of curing {unknown}
 s - a potion of cancellation {unknown}


   Skills:
 + Level 3.7 Fighting
 + Level 2.8 Long Blades
 + Level 4.3 Armour
 + Level 0.4 Dodging
 + Level 4.0 Shields


You had 2 spell levels left.
You didn't know any spells.
Your spell library was empty.

Dungeon Overview and Level Annotations

Branches:
Dungeon (2/15) Zot: 565

Altars:

Shops:
D:1 (

Annotations:
D:2 Sigmund


Innate Abilities, Weirdness & Mutations

You passively map a small area around you.
You are easily found by Zot.
You glow in the dark.
You regain HP and MP as you explore.


Message History

The bat barely misses you.
You slash the bat!
You kill the bat!
i - 27 stones (gained 7)
q - 3 puce potions (gained 1)
An adder comes into view.
The adder hisses angrily.
You closely miss the adder. The adder barely misses you. The adder bites you.
You are poisoned.
The adder poisons you!
You miss the adder.
You feel sick. You block the adder's attack. The adder closely misses you.
You closely miss the adder.
You feel sick. You block the adder's attack.
You slash the adder!
The adder is almost dead.
You feel sick.
You are no longer poisoned.
You block the adder's attack. The adder bites you.
You hit the adder but do no damage.
The adder is almost dead.
The adder bites you. The adder closely misses you.
You barely miss the adder.
The adder is almost dead.
The adder closely misses you.
You slash the adder!
You kill the adder!
Sigmund the Dreaded comes into view.
He is wielding a +0 scythe.
Sigmund shouts!
You hear a shout!
You see here an adder corpse.
Sigmund mumbles some strange words.
Sigmund flickers and vanishes!
Deactivating autopickup; reactivate with Ctrl-A.
A magic dart appears from out of thin air!
The magic dart hits you!
* * * LOW HITPOINT WARNING * * *
A goblin comes into view. It is wielding a +0 club.
The goblin shouts!
A puff of flame appears from out of thin air!
The puff of flame hits you!
You die...

#.#................,.
##...#.####.######...
##...## #.†.†.# #...
#..#####..##.# #...
#.........##.###...
##†#####.###.......
#.# #. #.#.#...
######.# #. #.......
#.....@# #. #.#...##
#.###..# #. #.#.....
* #..# * #.#.####
**#.{. * #.#.# # ,
.... ..#.# # #..... ,
#.# # #g..## * * ...
. , ##.## * ##. ,# *
. .


You could see a goblin.

Vanquished Creatures
  An adder (D:2)
  A worm (D:2)
  2 endoplasms
  4 goblins
  5 hobgoblins (D:1)
  A quokka (D:1)
  2 ball pythons (D:1)
  A bat (D:2)
  A frilled lizard (D:1)
  2 kobolds
  4 rats
24 creatures vanquished.

Notes
Turn   | Place    | Note
-------+----------+-------------------------------------------
     0 | D:1      | sircluck the Meteoran Fighter began the quest for the Orb.
     0 | D:1      | Reached XP level 1. HP: 19/19 MP: 2/2
    99 | D:1      | Reached XP level 2. HP: 26/26 MP: 3/3
   451 | D:1      | Reached XP level 3. HP: 28/31 MP: 4/4
   488 | D:1      | Glimpsed the power of Zot.
   538 | D:1      | Glimpsed the power of Zot.
   578 | D:1      | Glimpsed the power of Zot.
   588 | D:1      | Touched by the power of Zot.
   630 | D:1      | Found Igetodel's Weapon Shoppe.
   686 | D:1      | Glimpsed the power of Zot.
   809 | D:2      | Noticed Sigmund
   811 | D:2      | HP: 1/24 [something/magic dart (7)]
   812 | D:2      | Killed from afar by Sigmund

Illustrated notes

Levels and vault maps discovered:
D:1:      dpeg_arrival_rooms_c, layout_rooms, serial_shops,
          nicolae_shop_hallway_plus
D:2:      layout_loops_ring, serial_shops, shop_statue, uniq_sigmund

Skill      XL: |  1  2  3 |
---------------+----------+-----
Armour         | 4 |  4.3
Shields        | 4 |  4.0
Fighting       | |  3.7
Long Blades    | |  2.8
Dodging        | |  0.4

Action                   || total
-------------------------++-------
Melee: Long sword        ||    70
Armor: Scale mail        ||    50
Dodge: Dodged            ||    32
Block: Buckler           ||    21
